[Event "Team 45 45 League T49"]
[Site "Internet Chess Club"]
[Date "2011.05.14"]
[Round "1"]
[White "Invicta-Knight"]
[Black "Giacometti"]
[Result "1/2-1/2"]
[WhiteElo "1549"]
[BlackElo "1672"]
[Opening "Caro-Kann: classical, Spassky variation"]
[ECO "B18"]
[Time "15:23:11"]
[TimeControl "2700+45"]

1. e4 c6 2. d4 d5 3. Nc3 dxe4 4. Nxe4 Bf5 5. Ng3 Bg6 6. Nf3 Nd7 7. h4 h6 8. h5
Bh7 9. Bd3 Bxd3 10. Qxd3 Ngf6 11. Bd2 e6 12. O-O-O Be7 13. Ne4 O-O 14. Nxf6+
Nxf6 15. Ne5 c5 16. Rh4 Qc7 17. Qg3 Kh7 18. Qd3+ Kg8 19. Qg3 Kh7 20. Qd3+ {Game
drawn by mutual agreement} 1/2-1/2

[Event "Team 45 45 League T49"]
[Site "Internet Chess Club"]
[Date "2011.05.13"]
[Round "1"]
[White "DanMcClintic"]
[Black "ElmerHo"]
[Result "1/2-1/2"]
[WhiteElo "1598"]
[BlackElo "1579"]
[Opening "KGD: Nimzovich counter-gambit"]
[ECO "C31"]
[Time "21:00:30"]
[TimeControl "2700+45"]

1. e4 e5 2. f4 d5 3. exd5 c6 4. dxc6 Nxc6 5. Bb5 exf4 6. Nf3 Bd6 7. O-O Qb6+ 8.
d4 Qxb5 9. Nc3 Qb6 10. Nd5 Qd8 11. Nxf4 Nf6 12. Re1+ Ne7 13. c4 O-O 14. a3 Re8
15. b4 Qc7 16. Ne5 Bxe5 17. dxe5 Bg4 18. Qd6 Qxd6 19. exd6 Nc6 20. Bb2 Rxe1+ 21.
Rxe1 Re8 22. Rxe8+ Nxe8 23. c5 f6 24. Nd5 Kf7 25. h3 Bd7 26. Kf2 Nd8 27. Ke3 Ne6
28. Kd3 Bb5+ 29. Kc3 Nd8 30. Kb3 Ke6 31. Nc7+ Nxc7 32. dxc7 Kd7 33. cxd8=Q+ Kxd8
34. g3 Kd7 35. Kc3 Ke6 36. Kd4 g5 37. Bc1 h6 38. Ke4 Bc6+ 39. Kd4 Bb5 40. Ke4
Bc6+ 41. Kd4 {Game drawn by mutual agreement} 1/2-1/2

[Event "Team 45 45 League T49"]
[Site "Internet Chess Club"]
[Date "2011.05.13"]
[Round "1"]
[White "kwameh72"]
[Black "oldprez"]
[Result "1-0"]
[WhiteElo "1568"]
[BlackElo "1339"]
[Opening "Pirc: classical (two knights) system"]
[ECO "B08"]
[Time "22:00:27"]
[TimeControl "2700+45"]

1. d4 Nf6 2. Nc3 g6 3. e4 d6 4. Nf3 Bg7 5. Be3 O-O 6. Qd2 Re8 7. Bh6 Bh8 8. Be2
Nbd7 9. O-O-O Ng4 10. Bc4 Nxh6 11. Qxh6 Bg7 12. Bxf7+ Kxf7 13. Ng5+ Kf8 14. Ne6+
Kg8 15. Qxg7# {Black checkmated} 1-0

[Event "Team 45 45 League T49"]
[Site "Internet Chess Club"]
[Date "2011.05.14"]
[Round "1"]
[White "The-Capitalist"]
[Black "BrianWood"]
[Result "0-1"]
[WhiteElo "1391"]
[BlackElo "1448"]
[Opening "Sicilian: Najdorf, Byrne (English) attack"]
[ECO "B90"]
[Time "21:00:48"]
[TimeControl "2700+45"]

1. e4 c5 2. Nf3 d6 3. d4 cxd4 4. Nxd4 Nf6 5. Nc3 a6 6. Be3 e5 7. Nb3 Be7 8. Bc4
O-O 9. O-O Nc6 10. a3 Be6 11. Qd3 Rc8 12. Bxe6 fxe6 13. f3 d5 14. exd5 exd5 15.
Rad1 d4 16. Ne4 Qd5 17. Nxf6+ Bxf6 18. c4 Qf7 19. Bf2 Rcd8 20. Rfe1 Be7 21. Re4
a5 22. a4 Nb4 23. Qe2 Bd6 24. Nxa5 Ra8 25. Nb3 Rxa4 26. c5 Bc7 27. Nc1 Nc6 28.
b3 Rb4 29. Be1 Rxb3 30. Nxb3 Qxb3 31. Bg3 Rd8 32. Bh4 d3 33. Qf1 Rd5 34. Rb1 Qc3
35. Rb6 d2 36. Rbb4 d1=Q 37. Qxd1 Rxd1+ 38. Kf2 Qxc5+ {White resigns} 0-1

[Event "Team 45 45 League T49"]
[Site "Internet Chess Club"]
[Date "2011.05.16"]
[Round "1"]
[White "sockmonkey"]
[Black "kingsrook"]
[Result "0-1"]
[WhiteElo "1087"]
[BlackElo "1282"]
[Opening "Torre attack (Tartakower variation)"]
[ECO "D03"]
[Time "15:00:08"]
[TimeControl "2700+45"]

1. d4 d5 2. Nf3 Nf6 3. Bg5 e6 4. e3 Be7 5. Nbd2 Nbd7 6. c3 O-O 7. Bd3 b6 8. Ne5
Bb7 9. Qb1 Ne4 10. Bxe7 Qxe7 11. Nxe4 dxe4 12. Bxe4 Bxe4 13. Qxe4 Nf6 14. Qd3
Qd6 15. O-O Rfc8 16. f4 c5 17. dxc5 Qxd3 18. Nxd3 bxc5 19. Rfd1 a5 20. Ne5 Ne4
21. Rd7 Rf8 22. Rad1 f6 23. Nf3 Rfb8 24. Nd2 Nxd2 25. R1xd2 Rc8 26. Re7 Rd8 27.
Rdd7 Rxd7 28. Rxd7 Kf8 29. Rc7 Rd8 30. Rxc5 Rd1+ 31. Kf2 Rd2+ 32. Kf3 Rxb2 33.
Rxa5 Kf7 34. c4 Rc2 35. Ra4 h6 36. h4 f5 37. e4 Rc3+ 38. Ke2 fxe4 39. Ra7+ Kf6
40. g4 Rxc4 41. Ke3 g5 42. fxg5+ hxg5 43. h5 Ke5 44. h6 Rc3+ 45. Kd2 Rh3 46. h7
Kf4 47. a4 Kxg4 48. a5 e3+ 49. Ke2 e5 50. Re7 Kf4 51. a6 Rh2+ 52. Kd3 e2 53.
Rf7+ Kg4 54. Rf2 Rxf2 55. h8=Q e1=Q 56. Qc8+ Rf5 57. a7 Qb1+ 58. Ke3 Qg1+ 59.
Ke4 Qd4# {White checkmated} 0-1

[Event "Team 45 45 League T49"]
[Site "Internet Chess Club"]
[Date "2011.05.17"]
[Round "1"]
[White "KidRattler"]
[Black "kabubi"]
[Result "0-1"]
[WhiteElo "1160"]
[BlackElo "1153"]
[Opening "Giuoco Pianissimo"]
[ECO "C50"]
[Time "09:43:28"]
[TimeControl "2700+45"]

1. e4 e5 2. Nf3 Nc6 3. Bc4 Bc5 4. d3 Nf6 5. Ng5 d5 6. exd5 Na5 7. Bb5+ c6 8.
dxc6 bxc6 9. Ba4 Qd4 10. Be3 Qxa4 11. Bxc5 Qb5 12. Ba3 e4 13. Qe2 Qxg5 14. dxe4
Qc1+ 15. Qd1 Qxd1+ 16. Kxd1 Nc4 17. b3 Nxa3 18. Nxa3 Nxe4 19. Re1 f5 20. f3 Kf7
21. fxe4 fxe4 22. Rxe4 Rd8+ 23. Ke2 Ba6+ 24. Ke1 Kg8 25. Rd1 Rxd1+ 26. Kxd1 Rd8+
27. Ke1 Rf8 28. Nc4 Bxc4 29. Rxc4 Rc8 30. Kd2 Kf7 31. Ke3 Ke6 32. Ke4 Kd6 33.
Ra4 Re8+ 34. Kd3 Re7 35. Rd4+ Kc5 36. Rc4+ Kb5 37. a4+ Ka5 38. Rxc6 Rd7+ 39. Kc3
Re7 40. Kd3 Rd7+ 41. Kc3 Rf7 42. Rc5+ Kb6 43. Rb5+ Ka6 44. Rd5 Rc7+ 45. Kd4 Rxc2
46. Rc5 Rxg2 47. Rc7 Rxh2 48. Rxg7 Rh4+ 49. Kc5 Rh5+ 50. Kd6 Rh6+ 51. Ke7 Rb6
52. Rxh7 Rb7+ 53. Kf6 Rxh7 54. Ke5 Rb7 55. Kd5 Rxb3 56. Kc4 Rb8 57. a5 Kxa5 58.
Kc5 Rb6 59. Kc4 Rb5 60. Kc3 Rb4 61. Kd3 Kb5 62. Kc3 Kc5 63. Kd3 Rc4 64. Ke3 Rd4
65. Ke2 Kd5 66. Ke3 Ke5 67. Kf3 Re4 68. Kf2 Kf4 69. Kg2 Re3 70. Kf2 Ke4 71. Kg2
Rf3 72. Kh2 Kf4 73. Kg2 Kg4 74. Kh2 Rg3 75. Kh1 Kf3 76. Kh2 Rg4 77. Kh3 Kf4 78.
Kh2 Rg3 79. Kh1 Kf3 80. Kh2 Kf2 81. Kh1 Rh3# {White checkmated} 0-1

[Event "Team 45 45 League T49"]
[Site "Internet Chess Club"]
[Date "2011.05.16"]
[Round "1"]
[White "tcianciola"]
[Black "kjs110"]
[Result "1-0"]
[WhiteElo "1133"]
[BlackElo "1058"]
[Opening "QGD: 4.Nf3"]
[ECO "D37"]
[Time "19:00:09"]
[TimeControl "2700+45"]

1. d4 d5 2. c4 e6 3. Nf3 Nf6 4. Nc3 g6 5. Bg5 Bg7 6. Qd2 O-O 7. g3 Qe8 8. Bg2
dxc4 9. O-O h6 10. Bxh6 Bxh6 11. Qxh6 Ng4 12. Qh4 f5 13. Ng5 Nf6 14. Rfe1 Kg7
15. d5 Rh8 16. Qxc4 Rh5 17. h4 c6 18. dxe6 Bxe6 19. Nxe6+ Kh6 20. Bf3 b5 21.
Qf4+ Kh7 22. Nc7 Nd5 23. N3xd5 Qd7 24. Nf6+ {Black resigns} 1-0

[Event "Team 45 45 League T49"]
[Site "Internet Chess Club"]
[Date "2011.05.13"]
[Round "1"]
[White "mrmarck"]
[Black "guyd52"]
[Result "1-0"]
[WhiteElo "1239"]
[BlackElo "1232"]
[Opening "King's Indian, 3.Nf3"]
[ECO "E60"]
[Time "18:01:15"]
[TimeControl "2700+45"]

1. d4 Nf6 2. Nf3 g6 3. c4 d6 4. Nc3 Be6 5. e4 Bg7 6. Bd3 O-O 7. O-O Nbd7 8. Ng5
c6 9. Be3 Nb6 10. Nxe6 fxe6 11. b3 e5 12. d5 Qc8 13. c5 Nbd7 14. b4 cxd5 15.
exd5 dxc5 16. bxc5 Nxc5 17. Bc4 Ne6 18. Qb3 Nd8 19. d6+ e6 20. Rad1 a6 21. Na4
b5 22. Nb6 bxc4 23. Nxc4 Rb8 24. Qa4 Nc6 25. h3 Rb4 26. Qa3 Rxc4 27. Bg5 Nb8 28.
Rfe1 e4 29. Rd2 Qc5 30. Qg3 Nh5 31. Qg4 Qf5 32. Qxf5 exf5 33. d7 Nc6 34. Be7 Re8
35. dxe8=Q+ Bf8 36. Qxf8# {Black checkmated} 1-0

[Event "Team 45 45 League T49"]
[Site "Internet Chess Club"]
[Date "2011.05.15"]
[Round "1"]
[White "carolinaknight"]
[Black "BosqueVerde"]
[Result "0-1"]
[WhiteElo "1193"]
[BlackElo "1261"]
[Opening "Danish gambit"]
[ECO "C21"]
[Time "15:00:24"]
[TimeControl "2700+45"]

1. e4 e5 2. d4 exd4 3. c3 dxc3 4. Bc4 Be7 5. Nxc3 Nf6 6. f3 O-O 7. Nge2 Nc6 8.
Be3 Ne5 9. Bb3 b6 10. O-O Bb7 11. Rc1 c6 12. Qd2 Bb4 13. a3 Ba5 14. Ba2 Bxc3 15.
Qxc3 Re8 16. Nf4 Ng6 17. Ne2 d5 18. Rcd1 Qe7 19. Rd3 dxe4 20. Rd2 h6 21. f4 Ng4
22. f5 N6e5 23. Bd4 c5 24. Bxe5 Nxe5 25. Nf4 Kh7 26. Bb1 Qg5 27. Nh3 Qg4 28. Rf4
Nf3+ 29. Kh1 Qh5 30. Re2 Rad8 31. Nf2 Qxh2# {White checkmated} 0-1

[Event "Team 45 45 League T49"]
[Site "Internet Chess Club"]
[Date "2011.05.14"]
[Round "1"]
[White "Traho"]
[Black "wekabird"]
[Result "0-1"]
[WhiteElo "1224"]
[BlackElo "1179"]
[Opening "Caro-Kann: advance variation"]
[ECO "B12"]
[Time "20:15:09"]
[TimeControl "2700+45"]

1. e4 c6 2. d4 d5 3. e5 e6 4. Nc3 Ne7 5. Nf3 Ng6 6. Be2 Be7 7. O-O O-O 8. Bd2 b6
9. Qc1 Ba6 10. Bxa6 Nxa6 11. a3 c5 12. Bg5 cxd4 13. Bxe7 Qxe7 14. Ne2 d3 15.
cxd3 Rac8 16. Qd2 Nc5 17. Qd1 Nd7 18. d4 a6 19. Qd3 b5 20. b4 Nh4 21. Nxh4 Qxh4
22. Qg3 Qxg3 23. Nxg3 Nb6 24. Ne2 Nc4 25. Rfc1 g6 26. f4 Rc7 27. Rc3 Rfc8 28.
Rac1 Ra7 29. R1c2 a5 30. Rb3 axb4 31. Rxb4 Rb8 32. Nc3 Rxa3 33. Rc1 Ra5 34. Rcb1
Nd2 35. Rxb5 Rbxb5 36. Rxb5 Ra1+ 37. Kf2 Ne4+ 38. Nxe4 dxe4 39. Rb2 Rd1 40. Ke2
Rxd4 41. Rd2 Rc4 42. Ke3 Kg7 43. Rd4 Rc2 44. Kxe4 Rxg2 45. h3 Rh2 46. Rd3 h6 47.
Rg3 Kh7 48. Kf3 Ra2 49. Kg4 h5+ 50. Kg5 Ra4 51. Rf3 Kg7 52. Kh4 f6 53. exf6+
Kxf6 54. Kg3 Kf5 55. h4 Ra1 56. Rc3 Rg1+ 57. Kf3 Rg4 58. Rc5+ Kf6 59. Rc8 Rxh4
60. Rf8+ Ke7 61. Rg8 Rg4 62. Rh8 Rg1 63. Ke4 Re1+ 64. Kf3 Rf1+ 65. Kg3 Kf7 66.
Rh7+ Kf6 67. Rh8 Re1 68. Rf8+ Kg7 69. Re8 Kf7 70. Rd8 Rh1 71. Rd7+ Kf6 72. Rd6
h4+ 73. Kg4 h3 74. Kg3 h2 75. Kg2 Rf1 76. Kxf1 h1=Q+ {White resigns} 0-1

[Event "Team 45 45 League T49"]
[Site "Internet Chess Club"]
[Date "2011.05.15"]
[Round "1"]
[White "WilmaP"]
[Black "WannaB"]
[Result "1-0"]
[WhiteElo "1192"]
[BlackElo "1053"]
[Opening "Sicilian defense"]
[ECO "B40"]
[Time "13:00:56"]
[TimeControl "2700+45"]

1. e4 c5 2. Nf3 e6 3. Nc3 g6 4. a3 Bg7 5. d4 Ne7 6. e5 O-O 7. Bd3 cxd4 8. Nxd4
Bxe5 9. Nf3 Bg7 10. Bd2 a6 11. O-O Nbc6 12. Re1 b5 13. b4 Nd4 14. h3 Nxf3+ 15.
Qxf3 Rb8 16. Rab1 Bb7 17. Qg3 Nd5 18. Ne4 Nf6 19. Bg5 d5 20. Nxf6+ Bxf6 21. Bxf6
Qxf6 22. h4 h6 23. Re3 d4 24. Re2 Bd5 25. h5 Qg5 26. Qxg5 hxg5 27. hxg6 fxg6 28.
Bxg6 Kg7 29. Be4 Bxe4 30. Rxe4 Rf6 31. Rxd4 e5 32. Rd7+ Kg6 33. Re1 Rbf8 34. Rf1
e4 35. Re7 e3 36. Rxe3 Rf4 37. g3 Rc4 38. c3 g4 39. Re6+ Kf5 40. Rxa6 Rxc3 41.
Kg2 Rc2 42. Rb6 Rc3 43. Rxb5+ Ke4 44. Re1+ Kd4 45. Rd1+ Kc4 46. Rc5+ Kb3 47.
Rxc3+ Kxc3 48. Rc1+ Kb3 49. Ra1 Kb2 50. Rf1 Kxa3 51. b5 Rb8 52. f3 Rxb5 53. fxg4
Rg5 54. Kh3 Rg7 55. Rf5 Rh7+ 56. Kg2 Kb3 57. g5 Rg7 58. g4 Kc4 59. Kf3 Kd4 60.
Kf4 Re7 61. Kg3 Ke3 62. Rf3+ Ke4 63. g6 Rg7 64. Rf4+ Ke5 65. Rf5+ Ke4 66. Rf6
Ke5 67. g5 Ke4 68. Kg4 Ke5 69. Rb6 Ke4 70. Rb4+ Ke5 71. Rb5+ Ke4 72. Kh5 Kf4 73.
Kh6 Rg8 74. g7 Kg4 75. Kh7 Ra8 76. g8=Q Rf8 77. Qxf8 {Black resigns} 1-0

[Event "Team 45 45 League T49"]
[Site "Internet Chess Club"]
[Date "2011.05.16"]
[Round "1"]
[White "Duguesclin"]
[Black "RD1974"]
[Result "1-0"]
[WhiteElo "1621"]
[BlackElo "1600"]
[Opening "QGD"]
[ECO "E10"]
[Time "14:30:12"]
[TimeControl "2700+45"]

1. d4 Nf6 2. c4 e6 3. Nf3 d5 4. Bg5 Be7 5. Nc3 h6 6. Bf4 O-O 7. c5 c6 8. h3 Nbd7
9. e3 Ne4 10. Nxe4 dxe4 11. Nd2 Nf6 12. Bc4 Qa5 13. a3 Re8 14. O-O Bd7 15. Qc2
Nd5 16. Bg3 f5 17. b4 Qd8 18. Qb3 Kh7 19. a4 Bg5 20. Bd6 Qf6 21. b5 Qg6 22. bxc6
bxc6 23. Qb7 Bxe3 24. fxe3 Nxe3 25. Rf2 Nc2 26. Rc1 e3 27. Re2 exd2 28. Rxd2 Ne3
29. Qxd7 Qg5 30. Re2 Rad8 31. Qxa7 Ng4 32. Rce1 Nf6 33. Rxe6 Rxe6 34. Bxe6 Ne4
35. Be7 Qd2 36. Bxf5+ Kh8 37. Rxe4 Rxd4 38. Qb8+ {Black resigns} 1-0

[Event "Team 45 45 League T49"]
[Site "Internet Chess Club"]
[Date "2011.05.11"]
[Round "1"]
[White "leo6"]
[Black "aphort0212"]
[Result "0-1"]
[WhiteElo "1671"]
[BlackElo "1643"]
[Opening "Two knights defense (Modern bishop's opening)"]
[ECO "C55"]
[Time "20:00:33"]
[TimeControl "2700+45"]

1. e4 e5 2. Nf3 Nc6 3. Bc4 Nf6 4. d3 Be7 5. Nc3 O-O 6. O-O Na5 7. Bb3 Nxb3 8.
axb3 d6 9. Be3 Ng4 10. Bd2 f5 11. Ne1 f4 12. h3 Nf6 13. Nf3 Qe8 14. d4 Nh5 15.
dxe5 Qg6 16. Ne1 Bxh3 17. exd6 f3 18. dxe7 fxg2 19. exf8=Q+ Rxf8 20. Qxh5
gxf1=Q+ 21. Kh2 Qfg2+ 22. Nxg2 Qxg2# {White checkmated} 0-1

[Event "Team 45 45 League T49"]
[Site "Internet Chess Club"]
[Date "2011.05.14"]
[Round "1"]
[White "Chess2Play"]
[Black "Warpdrive"]
[Result "1/2-1/2"]
[WhiteElo "1527"]
[BlackElo "1621"]
[Opening "King's Indian: Petrosian system"]
[ECO "E92"]
[Time "21:04:17"]
[TimeControl "2700+45"]

1. d4 Nf6 2. c4 g6 3. Nc3 Bg7 4. e4 d6 5. Nf3 O-O 6. Be2 e5 7. d5 Ne8 8. Bd3 Na6
9. a3 Nc5 10. Be3 Nxd3+ 11. Qxd3 f5 12. O-O-O fxe4 13. Nxe4 Bf5 14. h3 Nf6 15.
Nfg5 Nxe4 16. Nxe4 Bxe4 17. Qxe4 Qf6 18. f3 Rae8 19. h4 Qf5 20. h5 gxh5 21. Rh4
Rf7 22. Rdh1 Ref8 23. Rxh5 Qxe4 24. fxe4 Rf1+ 25. Rxf1 Rxf1+ 26. Kc2 a5 27. c5
Re1 28. cxd6 cxd6 29. Kd2 Rb1 30. Kc2 Re1 31. Kd2 {Game drawn by mutual
agreement} 1/2-1/2

[Event "Team 45 45 League T49"]
[Site "Internet Chess Club"]
[Date "2011.05.14"]
[Round "1"]
[White "pudge"]
[Black "Oscar"]
[Result "0-1"]
[WhiteElo "1436"]
[BlackElo "1538"]
[Opening "Caro-Kann defense"]
[ECO "B10"]
[Time "11:00:27"]
[TimeControl "2700+45"]

1. e4 c6 2. Nf3 d5 3. e5 g6 4. d4 Bg7 5. Be2 e6 6. O-O Ne7 7. Bg5 O-O 8. Qd2 Re8
9. h4 Qb6 10. b3 Nf5 11. g4 Ne7 12. Kg2 Nd7 13. Rh1 c5 14. c3 f6 15. Bh6 Qc7 16.
Bxg7 Kxg7 17. h5 fxe5 18. hxg6 Nxg6 19. Qh6+ Kf6 20. g5+ Kf5 21. Qh3+ Kf4 22.
Qg3+ Ke4 23. Nbd2+ Kf5 24. Nh4+ Nxh4+ 25. Rxh4 Qd8 26. Qg4+ Kg6 27. Qh5+ Kg7 28.
Qxh7+ Kf8 29. Qh8+ Ke7 30. Rh7+ Kd6 31. dxc5+ Nxc5 32. Qxe5+ Kxe5 {White
resigns} 0-1

[Event "Team 45 45 League T49"]
[Site "Internet Chess Club"]
[Date "2011.05.15"]
[Round "1"]
[White "gerailen0075"]
[Black "heartbreakkid"]
[Result "0-1"]
[WhiteElo "1896"]
[BlackElo "1849"]
[Opening "Sicilian: Najdorf, Lipnitzky attack"]
[ECO "B90"]
[Time "15:08:14"]
[TimeControl "2700+45"]

1. e4 c5 2. Nf3 d6 3. d4 cxd4 4. Nxd4 Nf6 5. Nc3 a6 6. Bc4 e5 7. Nf5 Nc6 8. Bg5
Bxf5 9. exf5 Nd4 10. O-O Be7 11. Bxf6 Bxf6 12. Nd5 O-O 13. f4 e4 14. g4 Nf3+ 15.
Rxf3 exf3 16. g5 Bxg5 17. Qxf3 Bh4 18. Qh5 Re8 19. Bd3 h6 20. Kh1 Rc8 21. Rg1
Kf8 22. Rxg7 Kxg7 23. f6+ Bxf6 24. Qg4+ Kf8 25. Qf5 Bxb2 26. Qh7 Re1+ 27. Kg2
Qh4 28. c3 Bxc3 29. Nxc3 Qg4+ 30. Kf2 Qg1+ 31. Kf3 Re3# {White checkmated} 0-1

[Event "Team 45 45 League T49"]
[Site "Internet Chess Club"]
[Date "2011.05.16"]
[Round "1"]
[White "Buford-Julep"]
[Black "BrandonBee"]
[Result "1-0"]
[WhiteElo "1702"]
[BlackElo "1552"]
[Opening "Sicilian: Kan, Polugaievsky variation"]
[ECO "B42"]
[Time "10:10:11"]
[TimeControl "2700+45"]

1. e4 c5 2. Nf3 e6 3. d4 cxd4 4. Nxd4 a6 5. Bd3 Bc5 6. Nb3 Ba7 7. Nc3 b5 8. Qe2
Nc6 9. Be3 d6 10. f4 Nf6 11. O-O-O b4 12. Na4 Bd7 13. h3 Na5 14. Nxa5 Qxa5 15.
b3 Bxa4 16. bxa4 Qxa4 17. Bc4 Bxe3+ 18. Qxe3 Qa3+ 19. Qxa3 bxa3 20. Rxd6 Nxe4
21. Rxa6 Rxa6 22. Bxa6 Nc3 23. Bc4 Ke7 24. Re1 Rc8 25. Bb3 Rc5 26. Re3 Nb5 27.
Rd3 Rc3 28. Rxc3 Nxc3 29. Kd2 Nb1+ 30. Kd3 Kf6 31. c4 Ke7 32. Kc2 Kd6 33. Kxb1
Kc5 34. Kc2 Kd4 35. Kd2 f6 36. c5 Kxc5 37. Bxe6 Kd4 38. Kc2 Ke4 39. f5 g5 40.
fxg6 hxg6 41. Kb3 Ke5 42. Bc8 g5 43. Kxa3 f5 44. Kb4 f4 45. a4 Kd6 46. Kb5 Kc7
47. Bg4 Kb7 48. a5 {Black resigns} 1-0

[Event "Team 45 45 League T49"]
[Site "Internet Chess Club"]
[Date "2011.05.14"]
[Round "1"]
[White "Helaman"]
[Black "CKNIGHT3"]
[Result "0-1"]
[WhiteElo "1442"]
[BlackElo "1671"]
[Opening "Sicilian: Canal-Sokolsky (Nimzovich-Rossolimo, Moscow) attack"]
[ECO "B51"]
[Time "19:03:19"]
[TimeControl "2700+45"]

1. e4 c5 2. Nf3 d6 3. Bb5+ Nd7 4. d4 cxd4 5. Qxd4 a6 6. Bxd7+ Bxd7 7. Nc3 e6 8.
O-O Nf6 9. e5 dxe5 10. Nxe5 Qc7 11. Nxd7 Nxd7 12. Be3 e5 13. Qg4 Nf6 14. Qg3 g6
15. f4 Nh5 16. Qf2 Bg7 17. Nd5 Qd6 18. fxe5 Qxd5 19. Rad1 Qe6 20. Rd6 Qxa2 21.
g4 Bxe5 22. b3 O-O 23. gxh5 Bxd6 24. Qf6 Bxh2+ 25. Kh1 Rad8 26. Bh6 Be5 27. Qxe5
f6 28. Qe6+ Rf7 29. Re1 Qa3 30. Qc4 Qd6 31. Qe2 Qd5+ 32. Kg1 Qc5+ 33. Kf1 Qf5+
34. Kg1 Rfd7 35. Qc4+ Qd5 36. Qf1 Qd4+ 37. Be3 Qg4+ 38. Kf2 Qf5+ 39. Ke2 Qxc2+
40. Kf3 Qf5+ 41. Ke2 Qxh5+ {White resigns} 0-1

[Event "Team 45 45 League T49"]
[Site "Internet Chess Club"]
[Date "2011.05.14"]
[Round "1"]
[White "Rhitz"]
[Black "blizzard13"]
[Result "1-0"]
[WhiteElo "1331"]
[BlackElo "1406"]
[Opening "Sicilian: dragon, Yugoslav attack, 9.Bc4"]
[ECO "B77"]
[Time "13:59:51"]
[TimeControl "2700+45"]

1. e4 c5 2. Nf3 d6 3. d4 cxd4 4. Nxd4 Nf6 5. Nc3 g6 6. f3 Bg7 7. Be3 O-O 8. Bc4
Nc6 9. Qd2 Ne5 10. Bb3 a6 11. a4 Bd7 12. g4 Rc8 13. h4 h5 14. Nd5 Nfxg4 15. fxg4
Bxg4 16. Bh6 e6 17. Bxg7 Kxg7 18. Ne3 Bf3 19. Rf1 Qxh4+ 20. Qf2 Qxe4 21. Nxf3 d5
22. Nd2 Qd4 23. O-O-O Qb6 24. Qf6+ Kh6 25. Nf5+ {Black resigns} 1-0

[Event "Team 45 45 League T49"]
[Site "Internet Chess Club"]
[Date "2011.05.15"]
[Round "1"]
[White "KyleMayhugh"]
[Black "pudge"]
[Result "1-0"]
[WhiteElo "1441"]
[BlackElo "1444"]
[Opening "two knights defense: Fegatello attack"]
[ECO "C57"]
[Time "15:07:11"]
[TimeControl "2700+45"]

1. e4 e5 2. Nf3 Nc6 3. Bc4 Nf6 4. Ng5 d5 5. exd5 Nxd5 6. Nxf7 Kxf7 7. Qf3+ Qf6
8. Bxd5+ Be6 9. Bxe6+ Kxe6 10. Qb3+ Kd7 11. O-O Rb8 12. Nc3 Nd4 13. Qa4+ Nc6 14.
d3 a6 15. Qg4+ Qe6 16. Qf3 Nd4 17. Qd1 Bd6 18. Ne4 Rbf8 19. f4 Rf5 20. fxe5 Qxe5
21. Nxd6 Ne2+ 22. Kh1 Ng3+ 23. hxg3 Rh5+ 24. Kg1 Qd4+ 25. Rf2 Rf8 26. Bf4 Rxf4
27. gxf4 Rh1+ 28. Kxh1 Qxf2 29. Ne4 Qh4+ 30. Kg1 Qxf4 31. Qf3 {Black resigns}
1-0

[Event "Team 45 45 League T49"]
[Site "Internet Chess Club"]
[Date "2011.05.13"]
[Round "1"]
[White "tworivers"]
[Black "BrianWood"]
[Result "0-1"]
[WhiteElo "1403"]
[BlackElo "1429"]
[Opening "Queen's pawn: London system"]
[ECO "A45"]
[Time "22:00:45"]
[TimeControl "2700+45"]

1. d4 Nf6 2. Bf4 d5 3. e3 g6 4. Nf3 Nh5 5. Nbd2 Nxf4 6. exf4 Qd6 7. Ne5 Qb4 8.
c3 Qxb2 9. Qa4+ c6 10. Rb1 Qxc3 11. Bd3 f6 12. Nf3 Qxd3 13. Rb3 Qf5 14. O-O Qxf4
15. Re3 e6 16. Rfe1 Qc7 17. Nb3 b5 18. Qa5 Qxa5 19. Nxa5 Bb4 20. Nb3 Bxe1 21.
Nxe1 O-O 22. Nc5 Re8 23. Ned3 a5 24. Nf4 e5 25. dxe5 Rxe5 26. Nfd3 Rxe3 27. fxe3
Na6 28. a3 Nxc5 29. Nxc5 b4 30. axb4 axb4 31. Kf2 Rb8 {White resigns} 0-1

[Event "Team 45 45 League T49"]
[Site "Internet Chess Club"]
[Date "2011.05.15"]
[Round "1"]
[White "Sandia"]
[Black "Bamilus"]
[Result "1-0"]
[WhiteElo "1277"]
[BlackElo "1287"]
[Opening "Ruy Lopez: exchange variation, 5.O-O"]
[ECO "C68"]
[Time "16:51:35"]
[TimeControl "2700+45"]

1. e4 e5 2. Nf3 Nc6 3. Bb5 a6 4. Bxc6 dxc6 5. O-O Bd6 6. Re1 Nf6 7. h3 O-O 8.
Nc3 Re8 9. a3 Nh5 10. d3 Nf4 11. Bxf4 exf4 12. e5 Bc5 13. Qd2 g5 14. Ne4 g4 15.
Nxc5 gxf3 16. Qxf4 Qd5 17. d4 fxg2 18. Re3 Qd8 19. Rae1 Kh8 20. Qf6+ Qxf6 21.
exf6 Rxe3 22. Rxe3 Bf5 23. c3 b6 24. Nb3 Be6 25. Nd2 Re8 26. Kxg2 Bd5+ 27. Kh2
Rxe3 28. fxe3 h5 29. e4 Be6 30. e5 Kh7 31. h4 Kg6 32. Ne4 Kf5 33. Ng3+ Kg4 34.
Ne4 Kxh4 35. Nd2 Kg4 36. Nf1 Kf4 37. Ng3 h4 38. Nh5+ Kg5 39. Ng7 Kg6 40. Nxe6
fxe6 41. Kh3 c5 42. Kxh4 c4 43. Kg4 c6 44. Kf4 b5 45. Ke4 a5 46. Ke3 Kf7 47. Kd2
a4 48. Ke3 Kg6 49. Kf4 Kf7 50. Kg5 Kf8 51. Kg6 Kg8 52. f7+ Kf8 53. Kf6 b4 54.
Kxe6 b3 55. Kd6 Kxf7 56. Kxc6 Ke6 57. Kc5 Kf5 58. Kxc4 Ke4 59. Kb4 Kd3 60. e6
Kc2 61. e7 Kxb2 62. e8=Q Ka2 63. Qe5 b2 64. Qe1 b1=N 65. Qxb1+ Kxb1 66. d5 Kb2
67. d6 Kc2 68. d7 Kb2 69. d8=Q Kc2 70. c4 Kb2 71. Qd2+ Kb1 72. Kc3 Ka1 73. Qb2#
{Black checkmated} 1-0

[Event "Team 45 45 League T49"]
[Site "Internet Chess Club"]
[Date "2011.05.16"]
[Round "1"]
[White "medsurg"]
[Black "kabubi"]
[Result "1-0"]
[WhiteElo "1308"]
[BlackElo "1135"]
[Opening "Ruy Lopez: Bird's defense"]
[ECO "C61"]
[Time "21:30:10"]
[TimeControl "2700+45"]

1. e4 e5 2. Nf3 Nc6 3. Bb5 Nd4 4. Nxd4 exd4 5. c3 c6 6. Be2 dxc3 7. bxc3 d5 8.
exd5 Qxd5 9. O-O g6 10. Bf3 Qd8 11. Re1+ Ne7 12. Ba3 Be6 13. Bg4 Bxg4 14. Qxg4
Qd7 15. Qg5 h6 16. Qf6 Rh7 17. d4 b5 18. Nd2 b4 19. Bxb4 a5 20. Bc5 a4 21. Nc4
Rc8 22. Nb6 {Black resigns} 1-0

[Event "Team 45 45 League T49"]
[Site "Internet Chess Club"]
[Date "2011.05.17"]
[Round "1"]
[White "chicopee-ed"]
[Black "achessfool"]
[Result "1/2-1/2"]
[WhiteElo "1401"]
[BlackElo "1398"]
[Opening "QGD: exchange, positional line"]
[ECO "D35"]
[Time "10:00:18"]
[TimeControl "2700+45"]

1. d4 Nf6 2. c4 e6 3. Nc3 d5 4. cxd5 exd5 5. Bg5 Nbd7 6. e3 c6 7. Bd3 Qa5 8. Ne2
Bd6 9. O-O O-O 10. Qc2 Qc7 11. Ng3 Bxg3 12. fxg3 Re8 13. Rae1 Ne4 14. Nxe4 dxe4
15. Bxe4 h6 16. Bf4 Qb6 17. Bd6 Nf6 18. Bf3 Bg4 19. Be5 Re6 20. Bxf6 Bxf3 21.
Rxf3 Rxf6 22. Rxf6 gxf6 23. Qf2 Qd8 24. Rf1 Kg7 25. Qf3 Qe7 26. Qg4+ Kf8 27. Qf4
Kg7 28. Kh1 Re8 29. Qg4+ Kf8 30. Qf4 Kg7 {Game drawn by mutual agreement}
1/2-1/2

[Event "Team 45 45 League T49"]
[Site "Internet Chess Club"]
[Date "2011.05.15"]
[Round "1"]
[White "Morphys-GGS"]
[Black "sdcohle"]
[Result "1-0"]
[WhiteElo "1496"]
[BlackElo "1398"]
[Opening "French: Rubinstein variation"]
[ECO "C10"]
[Time "15:00:22"]
[TimeControl "2700+45"]

1. e4 e6 2. d4 d5 3. Nc3 dxe4 4. Nxe4 Nd7 5. Nf3 Ngf6 6. Ng3 Be7 7. Bb5 c6 8.
Ba4 O-O 9. O-O Nb6 10. Bb3 Nbd5 11. c4 Nc7 12. a4 c5 13. d5 exd5 14. Bg5 dxc4
15. Bxc4 Ne6 16. Bxf6 Bxf6 17. Qb3 b6 18. Rad1 Qc7 19. Nh5 Be7 20. Rfe1 Ng5 21.
Ne5 Be6 22. Bxe6 Nxe6 23. Rd7 c4 24. Rxc7 cxb3 25. Rxe7 Nc5 26. Nc4 Nxa4 27. Rb7
Rfc8 28. Nd6 Rf8 29. Ree7 Rad8 30. Rbd7 Nxb2 31. Nb5 Nd1 32. Na3 b2 33. Nb1 Rc8
34. Rc7 b5 35. Nf4 b4 36. Nd3 Nc3 37. Nxb2 Nxb1 38. g3 Nc3 39. Rxa7 Rb8 40. Reb7
b3 41. Rc7 Nb5 42. h4 Nxc7 43. Rxc7 Rfc8 44. Re7 Rc2 45. Nd3 b2 46. Nxb2 Rcxb2
47. Kg2 g6 48. g4 Rc2 49. h5 Rbb2 50. h6 Rxf2+ 51. Kg3 g5 52. Re8# {Black
checkmated} 1-0